Golden Seals vs Flyers

Created - 28 décembre 2017 at 08:41

Goals
1 2 3 T
Golden Seals 1 0 1 2
Flyers 1 0 2 3
Shots
1 2 3 T
Golden Seals 7 12 9 28
Flyers 10 10 18 38

1st period

1. Flyers , Travis Konecny 2 (P.K. Subban 15, Ivan Barbashev 5) at 8:07
2. Golden Seals , Joe Pavelski 13 (Olli Maatta 11) at 14:58

Penalties :
No Penalty

2nd period

No Goal

Penalties :
Miles Wood (CLF) for Tripping (Minor) at 10:04, Evgeni Malkin (PHI) for Roughing (Minor) at 19:30

3rd period

3. Golden Seals , Jaden Schwartz 10 (Joe Pavelski 21, Jonathan Toews 18) at 3:43 (PP)
4. Flyers , Brandon Carlo 1 (Leon Draisaitl 10, Vincent Trocheck 13) at 4:48
5. Flyers , Evgeni Malkin 12 (Patrick Kane 16) at 14:39

Penalties :
Evgeni Malkin (PHI) for Hooking (Minor) at 3:13

Goalie Stats

Sergei Bobrovsky (CLF), 35 saves from 38 shots - (0,921), L, 18-5-4, 59:49 minutes
Matt Murray (PHI), 26 saves from 28 shots - (0,929), W, 16-7-2, 60:00 minutes

Players Stats for Golden Seals

Player Name              G  A  P  +/- PIM S  H  SB GA TA FO     MP     PP MP  PK MP  
------------------------------------------------------------------------------------
Barclay Goodrow          0  0  0   0  0   0  1  0  0  1  2/4     8:41   0:00   0:00 
Cody Ceci                0  0  0  -2  0   4  4  0  0  2  0/0    25:49   0:21   1:39 
Cody Franson             0  0  0   0  0   0  1  0  0  0  0/0    13:04   0:21   0:00 
Colin Wilson             0  0  0   0  0   1  0  1  0  0  0/0    13:31   0:00   1:27 
Colton Parayko           0  0  0  -2  0   1  3  2  1  2  0/0    28:23   2:08   1:39 
Jaden Schwartz           1  0  1  -2  0   2  2  1  3  0  1/1    22:04   1:43   0:00 
Joe Pavelski             1  1  2  -2  0   6  3  0  0  0  1/1    22:04   1:43   0:00 
Jonathan Toews           0  1  1  -2  0   1  1  1  2  0  26/39  22:04   1:43   0:00 
Keith Yandle             0  0  0   0  0   1  2  4  0  1  0/0    21:15   2:08   0:00 
Mark Letestu             0  0  0   0  0   0  2  0  0  0  6/12   13:31   0:00   1:27 
Marko Dano               0  0  0   0  0   1  2  0  0  0  0/0     8:41   0:00   0:00 
Max Domi                 0  0  0   0  0   1  0  1  1  0  0/0    14:58   0:00   0:32 
Mike Fisher              0  0  0   0  0   2  3  1  0  0  9/14   15:44   0:46   0:32 
Miles Wood               0  0  0   0  2   3  1  1  0  0  0/0     8:44   0:00   0:00 
Olli Maatta              0  1  1   0  0   1  0  2  0  2  0/0    18:33   0:00   0:20 
Robby Fabbri             0  0  0   0  0   1  2  0  0  0  0/2    12:46   0:46   0:00 
Robert Hagg              0  0  0   0  0   0  2  0  0  0  0/0    12:56   0:00   0:20 
Tyler Toffoli            0  0  0   0  0   3  1  0  1  0  0/0    15:12   0:46   0:00 

Players Stats for Flyers

Player Name              G  A  P  +/- PIM S  H  SB GA TA FO     MP     PP MP  PK MP  
------------------------------------------------------------------------------------
Artturi Lehkonen         0  0  0   1  0   0  0  0  0  0  0/0     8:30   0:00   0:18 
Brandon Carlo            1  0  1   1  0   2  0  1  0  2  0/0    20:52   0:00   1:45 
Calle Jarnkrok           0  0  0  -1  0   2  0  1  1  1  0/0    14:05   0:00   0:20 
Casey Cizikas            0  0  0  -1  0   1  2  0  0  1  7/10   15:39   0:00   1:51 
Charlie Coyle            0  0  0  -1  0   1  3  0  1  0  0/0    13:45   0:00   0:00 
Darnell Nurse            0  0  0  -1  0   1  4  0  1  1  0/0    15:35   0:00   0:00 
Elias Lindholm           0  0  0   1  0   3  0  1  0  1  3/7    18:44   0:53   1:54 
Evgeni Malkin            1  0  1   1  4   5  2  0  2  0  5/23   16:10   1:06   0:00 
Filip Forsberg           0  0  0   1  0   2  4  0  3  0  0/3    19:39   1:06   0:00 
Ivan Barbashev           0  1  1   1  0   1  1  0  0  0  0/2     8:12   0:00   0:00 
Justin Faulk             0  0  0   1  0   1  1  3  0  0  0/0    20:46   0:48   1:45 
Leon Draisaitl           0  1  1   1  0   8  0  0  0  0  1/1    18:59   1:06   0:15 
Michael Matheson         0  0  0  -1  0   2  1  3  0  0  0/0    17:22   0:48   0:44 
P.K. Subban              0  1  1   2  0   0  3  0  0  0  0/0    22:44   1:11   0:00 
Patrick Kane             0  1  1   1  0   3  0  0  0  1  0/0    15:52   0:53   0:00 
TJ Brodie                0  0  0   2  0   1  0  0  0  1  0/0    22:41   1:11   0:44 
Travis Konecny           1  0  1   1  0   1  1  0  0  0  0/0     8:12   0:00   0:00 
Vincent Trocheck         0  1  1   1  0   4  2  0  0  0  12/27  19:42   0:53   0:20 

3 Stars

1 - Travis Konecny (PHI)
2 - P.K. Subban (PHI)
3 - Brandon Carlo (PHI)

Power Play

Golden Seals - 1 on 2 Attempt(s) - 50,00%
Flyers - 0 on 1 Attempt(s) - 0,00%

Penalty Kill

Golden Seals - 1 on 1 Attempt(s) - 100,00% - Score 0 goal in Penalty Kill
Flyers - 1 on 2 Attempt(s) - 50,00% - Score 0 goal in Penalty Kill

Team Stat

Golden Seals - Hits : 30 - Faceoff Wins : 45 - Blocked Shots : 14 - Penalty Minutes : 2
Flyers - Hits : 24 - Faceoff Wins : 28 - Blocked Shots : 9 - Penalty Minutes : 4

Official

Referees : Greg Kimmerly and Mike Leggo
Linesman : Ryan Galloway and Darren Gibbs

Game Notes

No Game Note

Finance

Level 1 -- Attendance: 6000 (100,00%) -- Ticket Income 570 000 $
Level 2 -- Attendance: 4828 (96,56%) -- Ticket Income 260 712 $
Level 3 -- Attendance: 2000 (100,00%) -- Ticket Income 66 000 $
Level 4 -- Attendance: 3803 (95,08%) -- Ticket Income 83 666 $
Luxury Box -- Attendance: 978 (97,80%) -- Ticket Income 161 370 $
Game was played at the Spectrum.
Total Attendance: 17609 (97,83%)
Total Ticket Income: 1 141 748 $
Other Income: 559 457 $
Total Income: 1 701 205 $

Golden Seals

5 vs 5 Forward 
   Center                   Left Wing                Right Wing               Time % Phy DF OF 
 1 Jonathan Toews           Joe Pavelski             Jaden Schwartz           38     0   1  4  
 2 Mike Fisher              Max Domi                 Tyler Toffoli            29     0   2  3  
 3 Mark Letestu             Colin Wilson             Robby Fabbri             21     0   2  3  
 4 Barclay Goodrow          Miles Wood               Marko Dano               12     1   2  2  

5 vs 5 Defense 
   Defense                  Defense                                           Time % Phy DF OF 
 1 Colton Parayko           Cody Ceci                                         43     0   3  2  
 2 Keith Yandle             Olli Maatta                                       34     0   3  2  
 3 Cody Franson             Robert Hagg                                       23     0   4  1  
 4 Colton Parayko           Keith Yandle                                      0      1   2  2  

PowerPlay Forward 
   Center                   Left Wing                Right Wing               Time % Phy DF OF 
 1 Jonathan Toews           Joe Pavelski             Jaden Schwartz           60     0   0  5  
 2 Mike Fisher              Robby Fabbri             Tyler Toffoli            40     0   0  5  

PowerPlay Defense
   Defense                  Defense                                           Time % Phy DF OF 
 1 Colton Parayko           Keith Yandle                                      75     0   1  4  
 2 Cody Franson             Keith Yandle                                      25     0   1  4  

Penalty Kill 4 Players Forward 
   Center                   Wing                     Time % Phy DF OF 
 1 Mark Letestu             Colin Wilson             60     1   4  0  
 2 Mike Fisher              Max Domi                 40     1   4  0  

Penalty Kill 4 Players Defense
   Defense                  Defense                  Time % Phy DF OF 
 1 Colton Parayko           Cody Ceci                60     1   4  0  
 2 Robert Hagg              Olli Maatta              40     1   4  0  

Penalty Kill - 3 Players Forward 
   Forward                                           Time % Phy DF OF 
 1 Joe Pavelski                                      60     1   4  0  
 2 Jonathan Toews                                    40     1   4  0  

Penalty Kill - 3 Players Defense
   Defense                  Defense                  Time % Phy DF OF 
 1 Colton Parayko           Cody Ceci                60     0   5  0  
 2 Robert Hagg              Olli Maatta              40     0   5  0  

4 vs 4 Forward 
   Center                   Wing                     Time % Phy DF OF 
 1 Joe Pavelski             Jonathan Toews           60     0   2  3  
 2 Mike Fisher              Jaden Schwartz           40     0   2  3  

4 vs 4 Defense
   Defense                  Defense                  Time % Phy DF OF 
 1 Colton Parayko           Cody Ceci                60     0   3  2  
 2 Keith Yandle             Olli Maatta              40     0   3  2  

Last Minutes Offensive
   Center                   Left Wing                Right Wing               Defense                  Defense                  
   Jonathan Toews           Joe Pavelski             Jaden Schwartz           Colton Parayko           Keith Yandle             

Last Minutes Defensive
   Center                   Left Wing                Right Wing               Defense                  Defense                  
   Mike Fisher              Jaden Schwartz           Mark Letestu             Cody Ceci                Colton Parayko           

Goaltenders
Starting : Sergei Bobrovsky         
Backup : Andrei Vasilevskiy       

Extra Forwards
Normal : Robby Fabbri, Colin Wilson, Max Domi - PP : Max Domi, Colin Wilson - PK : Max Domi
Extra Defensemen
Normal : Cody Franson, Olli Maatta, Cody Ceci - PP : Cody Ceci - PK : Olli Maatta, Cody Ceci
Penalty Shots
Joe Pavelski, Jonathan Toews, Mike Fisher, Jaden Schwartz, Mark Letestu
Custom OT Lines Forwards
Joe Pavelski, Jonathan Toews, Mike Fisher, Jaden Schwartz, Mark Letestu, Tyler Toffoli, Colin Wilson, Max Domi, Robby Fabbri, Marko Dano
Custom OT Lines Defensemen
Colton Parayko, Keith Yandle, Cody Ceci, Cody Franson, Olli Maatta

Scratches
None

Flyers

5 vs 5 Forward 
   Center                   Left Wing                Right Wing               Time % Phy DF OF 
 1 Vincent Trocheck         Leon Draisaitl           Filip Forsberg           33     0   3  2  
 2 Evgeni Malkin            Patrick Kane             Elias Lindholm           30     0   3  2  
 3 Casey Cizikas            Charlie Coyle            Calle Jarnkrok           27     0   2  3  
 4 Ivan Barbashev           Travis Konecny           Artturi Lehkonen         10     0   4  1  

5 vs 5 Defense 
   Defense                  Defense                                           Time % Phy DF OF 
 1 P.K. Subban              TJ Brodie                                         37     0   4  1  
 2 Justin Faulk             Brandon Carlo                                     34     0   4  1  
 3 Darnell Nurse            Michael Matheson                                  29     0   4  1  
 4 P.K. Subban              Michael Matheson                                  0      1   2  2  

PowerPlay Forward 
   Center                   Left Wing                Right Wing               Time % Phy DF OF 
 1 Evgeni Malkin            Leon Draisaitl           Filip Forsberg           60     0   0  5  
 2 Vincent Trocheck         Patrick Kane             Elias Lindholm           40     0   0  5  

PowerPlay Defense
   Defense                  Defense                                           Time % Phy DF OF 
 1 P.K. Subban              TJ Brodie                                         60     0   1  4  
 2 Justin Faulk             Michael Matheson                                  40     0   1  4  

Penalty Kill 4 Players Forward 
   Center                   Wing                     Time % Phy DF OF 
 1 Elias Lindholm           Casey Cizikas            60     0   5  0  
 2 Vincent Trocheck         Calle Jarnkrok           40     0   5  0  

Penalty Kill 4 Players Defense
   Defense                  Defense                  Time % Phy DF OF 
 1 Justin Faulk             Brandon Carlo            60     0   5  0  
 2 TJ Brodie                Michael Matheson         40     0   5  0  

Penalty Kill - 3 Players Forward 
   Forward                                           Time % Phy DF OF 
 1 Casey Cizikas                                     60     0   5  0  
 2 Calle Jarnkrok                                    40     0   5  0  

Penalty Kill - 3 Players Defense
   Defense                  Defense                  Time % Phy DF OF 
 1 Justin Faulk             Brandon Carlo            60     0   5  0  
 2 TJ Brodie                Michael Matheson         40     0   5  0  

4 vs 4 Forward 
   Center                   Wing                     Time % Phy DF OF 
 1 Evgeni Malkin            Patrick Kane             60     0   4  1  
 2 Vincent Trocheck         Leon Draisaitl           40     0   4  1  

4 vs 4 Defense
   Defense                  Defense                  Time % Phy DF OF 
 1 P.K. Subban              TJ Brodie                60     0   4  1  
 2 Justin Faulk             Brandon Carlo            40     0   4  1  

Last Minutes Offensive
   Center                   Left Wing                Right Wing               Defense                  Defense                  
   Evgeni Malkin            Patrick Kane             Vincent Trocheck         P.K. Subban              Justin Faulk             

Last Minutes Defensive
   Center                   Left Wing                Right Wing               Defense                  Defense                  
   Elias Lindholm           Filip Forsberg           Vincent Trocheck         P.K. Subban              Brandon Carlo            

Goaltenders
Starting : Matt Murray              
Backup : Tristan Jarry            

Extra Forwards
Normal : Charlie Coyle, Calle Jarnkrok, Artturi Lehkonen - PP : Charlie Coyle, Calle Jarnkrok - PK : Artturi Lehkonen
Extra Defensemen
Normal : Michael Matheson, Darnell Nurse, Justin Faulk - PP : Darnell Nurse - PK : P.K. Subban, Justin Faulk
Penalty Shots
Evgeni Malkin, Patrick Kane, Vincent Trocheck, Leon Draisaitl, Filip Forsberg
Custom OT Lines Forwards
Evgeni Malkin, Patrick Kane, Vincent Trocheck, Leon Draisaitl, Filip Forsberg, Elias Lindholm, Calle Jarnkrok, Charlie Coyle, Artturi Lehkonen, Ivan Barbashev
Custom OT Lines Defensemen
P.K. Subban, TJ Brodie, Justin Faulk, Michael Matheson, Brandon Carlo

Scratches
Borna Rendulic (Healthy), Brendan Perlini (Healthy)

% Time on Ice - Golden Seals

Lines # - Real PCT - Wanted PCT - Time Play
Normal Forward
1 - 36% - 38% - 19:20
2 - 27% - 29% - 14:26
3 - 22% - 21% - 12:00
4 - 16% - 12% - 8:41
Normal Defense
1 - 43% - 43% - 23:31
2 - 34% - 34% - 18:24
3 - 23% - 23% - 12:32
4 - 0% - 0% - 0:00
PP Forward
1 - 69% - 60% - 1:43
2 - 31% - 40% - 0:46
PP Defense
1 - 86% - 75% - 2:08
2 - 14% - 25% - 0:21
PK Forward
1 - 73% - 60% - 1:27
2 - 27% - 40% - 0:32
PK Defense
1 - 83% - 60% - 1:39
2 - 17% - 40% - 0:20
PK3 Forward
1 - 0% - 60%
2 - 0% - 40%
PK3 Defense
1 - 0% - 60%
2 - 0% - 40%
44 Forward
1 - 0% - 60%
2 - 0% - 40%
44 Defense
1 - 0% - 60%
2 - 0% - 40%
Last Minute Offensive  - 1:05
Last Minute Defensive  - 0:00
Total
Forward - 60:00
Defense - 60:00

% Time on Ice - Flyers

Lines # - Real PCT - Wanted PCT - Time Play
Normal Forward
1 - 32% - 33% - 17:38
2 - 27% - 30% - 14:59
3 - 25% - 27% - 13:45
4 - 15% - 10% - 8:12
Normal Defense
1 - 38% - 37% - 20:35
2 - 34% - 34% - 18:24
3 - 29% - 29% - 15:35
4 - 0% - 0% - 0:00
PP Forward
1 - 55% - 60% - 1:06
2 - 45% - 40% - 0:53
PP Defense
1 - 60% - 60% - 1:11
2 - 40% - 40% - 0:48
PK Forward
1 - 87% - 60% - 2:09
2 - 13% - 40% - 0:20
PK Defense
1 - 70% - 60% - 1:45
2 - 30% - 40% - 0:44
PK3 Forward
1 - 0% - 60%
2 - 0% - 40%
PK3 Defense
1 - 0% - 60%
2 - 0% - 40%
44 Forward
1 - 0% - 60%
2 - 0% - 40%
44 Defense
1 - 0% - 60%
2 - 0% - 40%
Last Minute Offensive  - 0:00
Last Minute Defensive  - 0:58
Total
Forward - 60:00
Defense - 60:00

Play by Play

1st period


0:01 of 1st period - Jonathan Toews wins face-off versus Vincent Trocheck in neutral zone.
0:06 of 1st period - Slapshot by Jonathan Toews.
0:06 of 1st period - Shot Misses the Net.
0:11 of 1st period - Off-side.
0:12 of 1st period - Mike Fisher wins face-off versus Evgeni Malkin in neutral zone.
0:19 of 1st period - Wrist shot by Mike Fisher.
0:19 of 1st period - Shot Blocked by Elias Lindholm.
0:37 of 1st period - Mark Letestu is hit by Casey Cizikas and loses puck.
1:48 of 1st period - Wrist shot by Evgeni Malkin.
1:48 of 1st period - Stopped by Sergei Bobrovsky without a rebound.
1:49 of 1st period - Casey Cizikas wins face-off versus Mark Letestu in Golden Seals zone.
1:59 of 1st period - Off-side.
2:00 of 1st period - Vincent Trocheck wins face-off versus Mike Fisher in neutral zone.
2:18 of 1st period - Brandon Carlo is hit by Tyler Toffoli and loses puck.
3:11 of 1st period - Mark Letestu is hit by Travis Konecny and loses puck.
3:36 of 1st period - Icing by Michael Matheson.
3:37 of 1st period - Vincent Trocheck wins face-off versus Mike Fisher in Flyers zone.
3:46 of 1st period - Snap shot by Leon Draisaitl.
3:46 of 1st period - Shot Misses the Net.
3:48 of 1st period - Snap shot by Michael Matheson.
3:48 of 1st period - Deflect By Leon Draisaitl.
3:48 of 1st period - Stopped by Sergei Bobrovsky without a rebound.
3:49 of 1st period - Jonathan Toews wins face-off versus Elias Lindholm in Golden Seals zone.
3:54 of 1st period - Slapshot by Jaden Schwartz.
3:54 of 1st period - Deflect By Joe Pavelski.
3:54 of 1st period - Stopped by Matt Murray without a rebound.
3:55 of 1st period - Jonathan Toews wins face-off versus Evgeni Malkin in Flyers zone.
3:56 of 1st period - Snap shot by Joe Pavelski.
3:56 of 1st period - Stopped by Matt Murray without a rebound.
3:57 of 1st period - Jonathan Toews wins face-off versus Evgeni Malkin in Flyers zone.
3:58 of 1st period - Wrist shot by Jaden Schwartz.
3:58 of 1st period - Shot Misses the Net.
4:00 of 1st period - Snap shot by Cody Ceci.
4:00 of 1st period - Stopped by Matt Murray without a rebound.
4:01 of 1st period - Jaden Schwartz wins face-off versus Casey Cizikas in Flyers zone.
5:11 of 1st period - Justin Faulk is hit by Cody Ceci and loses puck.
5:22 of 1st period - Snap shot by Robby Fabbri.
5:22 of 1st period - Shot Blocked by Brandon Carlo.
5:24 of 1st period - Slapshot by Cody Ceci.
5:24 of 1st period - Shot Blocked by Justin Faulk.
5:38 of 1st period - Wrist shot by Jonathan Toews.
5:38 of 1st period - Shot Misses the Net.
6:09 of 1st period - Mike Fisher is hit by Darnell Nurse and loses puck.
6:49 of 1st period - Mark Letestu is hit by P.K. Subban and loses puck.
7:10 of 1st period - Joe Pavelski is hit by Justin Faulk.
7:27 of 1st period - Robert Hagg is hit by Evgeni Malkin and loses puck.
7:50 of 1st period - Leon Draisaitl is hit by Mark Letestu and loses puck.
8:05 of 1st period - Slapshot by P.K. Subban.
8:05 of 1st period - Shot Misses the Net.
8:07 of 1st period - Slapshot by Travis Konecny.
8:07 of 1st period - Goal by Travis Konecny - Golden Seals : 0 - Flyers : 1.
8:08 of 1st period - Jonathan Toews wins face-off versus Evgeni Malkin in neutral zone.
8:11 of 1st period - Brandon Carlo is hit by Robert Hagg and loses puck.
8:56 of 1st period - Off-side.
8:57 of 1st period - Mark Letestu wins face-off versus Casey Cizikas in neutral zone.
9:12 of 1st period - Wrist shot by Colin Wilson.
9:12 of 1st period - Stopped by Matt Murray without a rebound.
9:13 of 1st period - Jonathan Toews wins face-off versus Evgeni Malkin in Flyers zone.
9:48 of 1st period - Slapshot by Leon Draisaitl.
9:48 of 1st period - Stopped by Sergei Bobrovsky with a rebound.
9:50 of 1st period - Slapshot by Michael Matheson.
9:50 of 1st period - Deflect By Tyler Toffoli.
9:50 of 1st period - Stopped by Sergei Bobrovsky with a rebound.
9:52 of 1st period - Backhand shot by Michael Matheson.
9:52 of 1st period - Shot Blocked by Mike Fisher.
10:06 of 1st period - Wrist shot by Ivan Barbashev.
10:06 of 1st period - Shot Misses the Net.
10:08 of 1st period - Slapshot by Brandon Carlo.
10:08 of 1st period - Deflect By Travis Konecny.
10:08 of 1st period - Shot Misses the Net.
10:08 of 1st period - Puck is out of play.
10:09 of 1st period - Jonathan Toews wins face-off versus Ivan Barbashev in Golden Seals zone.
10:36 of 1st period - TJ Brodie is hit by Mark Letestu and loses puck.
10:47 of 1st period - Snap shot by Robby Fabbri.
10:47 of 1st period - Shot Misses the Net.
11:03 of 1st period - Olli Maatta is hit by P.K. Subban and loses puck.
11:10 of 1st period - Charlie Coyle is hit by Marko Dano and loses puck.
11:42 of 1st period - Slapshot by Mike Fisher.
11:42 of 1st period - Shot Blocked by Calle Jarnkrok.
12:00 of 1st period - Snap shot by Casey Cizikas.
12:00 of 1st period - Shot Blocked by Colin Wilson.
12:06 of 1st period - Snap shot by Calle Jarnkrok.
12:06 of 1st period - Shot Misses the Net.
12:10 of 1st period - Wrist shot by Charlie Coyle.
12:10 of 1st period - Stopped by Sergei Bobrovsky without a rebound.
12:11 of 1st period - Jonathan Toews wins face-off versus Vincent Trocheck in Golden Seals zone.
12:16 of 1st period - Off-side.
12:17 of 1st period - Jonathan Toews wins face-off versus Vincent Trocheck in neutral zone.
12:34 of 1st period - Snap shot by Leon Draisaitl.
12:34 of 1st period - Stopped by Sergei Bobrovsky without a rebound.
12:35 of 1st period - Mike Fisher wins face-off versus Evgeni Malkin in Golden Seals zone.
13:01 of 1st period - Patrick Kane is hit by Marko Dano and loses puck.
14:21 of 1st period - Wrist shot by Tyler Toffoli.
14:21 of 1st period - Stopped by Matt Murray with a rebound.
14:35 of 1st period - Slapshot by P.K. Subban.
14:35 of 1st period - Shot Misses the Net.
14:51 of 1st period - Casey Cizikas is hit by Keith Yandle and loses puck.
14:58 of 1st period - Snap shot by Joe Pavelski.
14:58 of 1st period - Goal by Joe Pavelski - Golden Seals : 1 - Flyers : 1.
14:59 of 1st period - Jonathan Toews wins face-off versus Evgeni Malkin in neutral zone.
16:00 of 1st period - Justin Faulk is hit by Robert Hagg.
16:21 of 1st period - Slapshot by Jaden Schwartz.
16:21 of 1st period - Shot Blocked by Justin Faulk.
16:55 of 1st period - Casey Cizikas is hit by Mike Fisher and loses puck.
18:02 of 1st period - Wrist shot by Mike Fisher.
18:02 of 1st period - Stopped by Matt Murray without a rebound.
18:03 of 1st period - Evgeni Malkin wins face-off versus Mike Fisher in Flyers zone.
18:09 of 1st period - Off-side.
18:10 of 1st period - Mike Fisher wins face-off versus Vincent Trocheck in neutral zone.
18:13 of 1st period - Wrist shot by Max Domi.
18:13 of 1st period - Shot Misses the Net.
18:15 of 1st period - Wrist shot by Tyler Toffoli.
18:15 of 1st period - Shot Misses the Net.
18:17 of 1st period - Slapshot by Olli Maatta.
18:17 of 1st period - Shot Misses the Net.
18:37 of 1st period - Slapshot by Patrick Kane.
18:37 of 1st period - Stopped by Sergei Bobrovsky without a rebound.
18:38 of 1st period - Evgeni Malkin wins face-off versus Mark Letestu in Golden Seals zone.
18:39 of 1st period - Wrist shot by Patrick Kane.
18:39 of 1st period - Shot Misses the Net.
18:41 of 1st period - Snap shot by Patrick Kane.
18:41 of 1st period - Stopped by Sergei Bobrovsky with a rebound.
18:43 of 1st period - Snap shot by Patrick Kane.
18:43 of 1st period - Shot Misses the Net.
18:45 of 1st period - Slapshot by Darnell Nurse.
18:45 of 1st period - Stopped by Sergei Bobrovsky without a rebound.
18:46 of 1st period - Jonathan Toews wins face-off versus Evgeni Malkin in Golden Seals zone.
19:41 of 1st period - Wrist shot by Mark Letestu.
19:41 of 1st period - Shot Misses the Net.
Goals for this period are 1 for Golden Seals vs 1 for Flyers.
Shots for this period are 7 for Golden Seals vs 10 for Flyers.

2nd period


0:01 of 2nd period - Vincent Trocheck wins face-off versus Jonathan Toews in neutral zone.
0:12 of 2nd period - Backhand shot by Jonathan Toews.
0:12 of 2nd period - Shot Misses the Net.
0:14 of 2nd period - Snap shot by Jaden Schwartz.
0:14 of 2nd period - Shot Misses the Net.
0:16 of 2nd period - Wrist shot by Jaden Schwartz.
0:16 of 2nd period - Shot Misses the Net.
0:50 of 2nd period - Marko Dano is hit by Charlie Coyle and loses puck.
1:01 of 2nd period - Slapshot by Miles Wood.
1:01 of 2nd period - Stopped by Matt Murray without a rebound.
1:02 of 2nd period - Jonathan Toews wins face-off versus Ivan Barbashev in Flyers zone.
1:29 of 2nd period - Tyler Toffoli is hit by Filip Forsberg and loses puck.
2:11 of 2nd period - Justin Faulk is hit by Jaden Schwartz and loses puck.
2:37 of 2nd period - Travis Konecny is hit by Barclay Goodrow and loses puck.
2:46 of 2nd period - Wrist shot by Marko Dano.
2:46 of 2nd period - Stopped by Matt Murray without a rebound.
2:47 of 2nd period - Mike Fisher wins face-off versus Vincent Trocheck in Flyers zone.
2:52 of 2nd period - Slapshot by Tyler Toffoli.
2:52 of 2nd period - Stopped by Matt Murray without a rebound.
2:53 of 2nd period - Mike Fisher wins face-off versus Filip Forsberg in Flyers zone.
2:58 of 2nd period - Snap shot by Max Domi.
2:58 of 2nd period - Stopped by Matt Murray with a rebound.
3:24 of 2nd period - Slapshot by Casey Cizikas.
3:24 of 2nd period - Shot Misses the Net.
3:26 of 2nd period - Wrist shot by Casey Cizikas.
3:26 of 2nd period - Stopped by Sergei Bobrovsky with a rebound.
3:44 of 2nd period - Darnell Nurse is hit by Joe Pavelski and loses puck.
4:03 of 2nd period - Joe Pavelski is hit by Filip Forsberg and loses puck.
5:14 of 2nd period - Snap shot by Robby Fabbri.
5:14 of 2nd period - Stopped by Matt Murray without a rebound.
5:15 of 2nd period - Mark Letestu wins face-off versus Evgeni Malkin in Flyers zone.
6:02 of 2nd period - Snap shot by Calle Jarnkrok.
6:02 of 2nd period - Stopped by Sergei Bobrovsky without a rebound.
6:03 of 2nd period - Casey Cizikas wins face-off versus Barclay Goodrow in Golden Seals zone.
6:12 of 2nd period - Slapshot by Colton Parayko.
6:12 of 2nd period - Shot Misses the Net.
6:14 of 2nd period - Slapshot by Cody Ceci.
6:14 of 2nd period - Shot Blocked by Michael Matheson.
6:16 of 2nd period - Snap shot by Cody Ceci.
6:16 of 2nd period - Deflect By Charlie Coyle.
6:16 of 2nd period - Stopped by Matt Murray without a rebound.
6:17 of 2nd period - Mike Fisher wins face-off versus Evgeni Malkin in Flyers zone.
6:18 of 2nd period - Wrist shot by Tyler Toffoli.
6:18 of 2nd period - Stopped by Matt Murray without a rebound.
6:19 of 2nd period - Mike Fisher wins face-off versus Evgeni Malkin in Flyers zone.
6:47 of 2nd period - Wrist shot by Jonathan Toews.
6:47 of 2nd period - Shot Misses the Net.
7:04 of 2nd period - Off-side.
7:05 of 2nd period - Casey Cizikas wins face-off versus Robby Fabbri in neutral zone.
7:20 of 2nd period - Colin Wilson is hit by Casey Cizikas and loses puck.
7:24 of 2nd period - Icing by Robby Fabbri.
7:25 of 2nd period - Vincent Trocheck wins face-off versus Mark Letestu in Golden Seals zone.
7:28 of 2nd period - Wrist shot by Vincent Trocheck.
7:28 of 2nd period - Stopped by Sergei Bobrovsky with a rebound.
7:30 of 2nd period - Backhand shot by Leon Draisaitl.
7:30 of 2nd period - Shot Misses the Net.
7:58 of 2nd period - Wrist shot by Jaden Schwartz.
7:58 of 2nd period - Shot Blocked by Justin Faulk.
8:00 of 2nd period - Slapshot by Cody Ceci.
8:00 of 2nd period - Stopped by Matt Murray without a rebound.
8:01 of 2nd period - Casey Cizikas wins face-off versus Jonathan Toews in Flyers zone.
8:32 of 2nd period - Snap shot by Patrick Kane.
8:32 of 2nd period - Shot Misses the Net.
8:34 of 2nd period - Snap shot by Elias Lindholm.
8:34 of 2nd period - Stopped by Sergei Bobrovsky without a rebound.
8:35 of 2nd period - Mike Fisher wins face-off versus Evgeni Malkin in Golden Seals zone.
8:46 of 2nd period - Wrist shot by Tyler Toffoli.
8:46 of 2nd period - Deflect By Elias Lindholm.
8:46 of 2nd period - Shot Misses the Net.
8:46 of 2nd period - Puck is out of play.
8:47 of 2nd period - Jonathan Toews wins face-off versus Vincent Trocheck in Flyers zone.
9:54 of 2nd period - Slapshot by Leon Draisaitl.
9:54 of 2nd period - Stopped by Sergei Bobrovsky without a rebound.
9:55 of 2nd period - Vincent Trocheck wins face-off versus Barclay Goodrow in Golden Seals zone.
10:02 of 2nd period - Snap shot by Filip Forsberg.
10:02 of 2nd period - Shot Misses the Net.
10:04 of 2nd period - Minor Penalty to Miles Wood for Tripping.
10:05 of 2nd period - Mark Letestu wins face-off versus Evgeni Malkin in Golden Seals zone.
10:18 of 2nd period - Slapshot by Evgeni Malkin.
10:18 of 2nd period - Stopped by Sergei Bobrovsky without a rebound.
10:19 of 2nd period - Mark Letestu wins face-off versus Evgeni Malkin in Golden Seals zone.
10:46 of 2nd period - Colin Wilson is hit by Vincent Trocheck and loses puck.
11:04 of 2nd period - Icing by Vincent Trocheck.
11:05 of 2nd period - Vincent Trocheck wins face-off versus Mike Fisher in Flyers zone.
11:12 of 2nd period - Snap shot by Vincent Trocheck.
11:12 of 2nd period - Deflect By Patrick Kane.
11:12 of 2nd period - Shot Misses the Net.
11:12 of 2nd period - Puck is out of play.
11:13 of 2nd period - Mark Letestu wins face-off versus Evgeni Malkin in Golden Seals zone.
11:22 of 2nd period - Wrist shot by Filip Forsberg.
11:22 of 2nd period - Shot Misses the Net.
11:40 of 2nd period - Patrick Kane is hit by Colton Parayko.
12:01 of 2nd period - Icing by Filip Forsberg.
12:02 of 2nd period - Evgeni Malkin wins face-off versus Mark Letestu in Flyers zone.
12:04 of 2nd period - Penalty to Miles Wood is over, Miles Wood is back on ice.
12:07 of 2nd period - Snap shot by Evgeni Malkin.
12:07 of 2nd period - Stopped by Sergei Bobrovsky without a rebound.
12:08 of 2nd period - Jonathan Toews wins face-off versus Vincent Trocheck in Golden Seals zone.
12:51 of 2nd period - Evgeni Malkin is hit by Keith Yandle and loses puck.
13:14 of 2nd period - Cody Ceci is hit by Darnell Nurse and loses puck.
13:23 of 2nd period - Wrist shot by Evgeni Malkin.
13:23 of 2nd period - Stopped by Sergei Bobrovsky with a rebound.
13:41 of 2nd period - Snap shot by Evgeni Malkin.
13:41 of 2nd period - Shot Misses the Net.
14:03 of 2nd period - Wrist shot by Miles Wood.
14:03 of 2nd period - Stopped by Matt Murray without a rebound.
14:04 of 2nd period - Jonathan Toews wins face-off versus Vincent Trocheck in Flyers zone.
14:36 of 2nd period - Mike Fisher is hit by Charlie Coyle.
15:33 of 2nd period - Tyler Toffoli is hit by Charlie Coyle and loses puck.
15:44 of 2nd period - Snap shot by Ivan Barbashev.
15:44 of 2nd period - Stopped by Sergei Bobrovsky with a rebound.
16:29 of 2nd period - Max Domi is hit by Ivan Barbashev.
16:33 of 2nd period - Travis Konecny is hit by Cody Franson and loses puck.
16:44 of 2nd period - Filip Forsberg is hit by Cody Ceci and loses puck.
17:29 of 2nd period - Olli Maatta is hit by Darnell Nurse and loses puck.
17:40 of 2nd period - Evgeni Malkin is hit by Mike Fisher and loses puck.
17:51 of 2nd period - Wrist shot by Jonathan Toews.
17:51 of 2nd period - Shot Blocked by Michael Matheson.
18:36 of 2nd period - Artturi Lehkonen is hit by Cody Ceci and loses puck.
18:41 of 2nd period - Wrist shot by Marko Dano.
18:41 of 2nd period - Shot Misses the Net.
18:43 of 2nd period - Slapshot by Colton Parayko.
18:43 of 2nd period - Stopped by Matt Murray without a rebound.
18:44 of 2nd period - Jonathan Toews wins face-off versus Vincent Trocheck in Flyers zone.
18:51 of 2nd period - Slapshot by Jonathan Toews.
18:51 of 2nd period - Stopped by Matt Murray with a rebound.
18:53 of 2nd period - Wrist shot by Jonathan Toews.
18:53 of 2nd period - Deflect By Jaden Schwartz.
18:53 of 2nd period - Shot Misses the Net.
18:53 of 2nd period - Puck is out of play.
18:54 of 2nd period - Vincent Trocheck wins face-off versus Jonathan Toews in Flyers zone.
19:10 of 2nd period - Snap shot by Joe Pavelski.
19:10 of 2nd period - Stopped by Matt Murray without a rebound.
19:11 of 2nd period - Evgeni Malkin wins face-off versus Mike Fisher in Flyers zone.
19:30 of 2nd period - Minor Penalty to Evgeni Malkin for Roughing.
19:31 of 2nd period - Elias Lindholm wins face-off versus Jonathan Toews in Flyers zone.
19:45 of 2nd period - Snap shot by Casey Cizikas.
19:45 of 2nd period - Shot Misses the Net.
19:47 of 2nd period - Slapshot by Elias Lindholm.
19:47 of 2nd period - Stopped by Sergei Bobrovsky without a rebound.
19:48 of 2nd period - Jonathan Toews wins face-off versus Elias Lindholm in Golden Seals zone.
Goals for this period are 0 for Golden Seals vs 0 for Flyers.
Shots for this period are 12 for Golden Seals vs 10 for Flyers.

3rd period


0:01 of 3rd period - Elias Lindholm wins face-off versus Jonathan Toews in neutral zone.
0:10 of 3rd period - Snap shot by Casey Cizikas.
0:10 of 3rd period - Shot Blocked by Keith Yandle.
0:32 of 3rd period - Justin Faulk is hit by Robby Fabbri and loses puck.
0:45 of 3rd period - Justin Faulk is hit by Jonathan Toews.
1:30 of 3rd period - Penalty to Evgeni Malkin is over, Evgeni Malkin is back on ice.
1:36 of 3rd period - Slapshot by TJ Brodie.
1:36 of 3rd period - Shot Misses the Net.
1:38 of 3rd period - Snap shot by Michael Matheson.
1:38 of 3rd period - Stopped by Sergei Bobrovsky with a rebound.
1:40 of 3rd period - Slapshot by TJ Brodie.
1:40 of 3rd period - Deflect By Leon Draisaitl.
1:40 of 3rd period - Shot Misses the Net.
1:40 of 3rd period - Puck is out of play.
1:41 of 3rd period - Barclay Goodrow wins face-off versus Vincent Trocheck in Golden Seals zone.
1:41 of 3rd period - Barclay Goodrow is hit by Filip Forsberg.
1:57 of 3rd period - Snap shot by Miles Wood.
1:57 of 3rd period - Stopped by Matt Murray with a rebound.
2:07 of 3rd period - Snap shot by Filip Forsberg.
2:07 of 3rd period - Shot Misses the Net.
2:13 of 3rd period - Filip Forsberg is hit by Joe Pavelski.
2:31 of 3rd period - Artturi Lehkonen is hit by Robby Fabbri and loses puck.
2:58 of 3rd period - Wrist shot by Patrick Kane.
2:58 of 3rd period - Deflect By Elias Lindholm.
2:58 of 3rd period - Shot Misses the Net.
2:58 of 3rd period - Puck is out of play.
2:59 of 3rd period - Evgeni Malkin wins face-off versus Jonathan Toews in Golden Seals zone.
3:13 of 3rd period - Minor Penalty to Evgeni Malkin for Hooking.
3:14 of 3rd period - Jonathan Toews wins face-off versus Elias Lindholm in Flyers zone.
3:29 of 3rd period - Wrist shot by Jaden Schwartz.
3:29 of 3rd period - Deflect By Brandon Carlo.
3:29 of 3rd period - Shot Misses the Net.
3:29 of 3rd period - Puck is out of play.
3:30 of 3rd period - Jonathan Toews wins face-off versus Elias Lindholm in Flyers zone.
3:43 of 3rd period - Wrist shot by Joe Pavelski.
3:43 of 3rd period - Deflect By Jaden Schwartz.
3:43 of 3rd period - Goal by Jaden Schwartz - Golden Seals : 2 - Flyers : 1.
3:44 of 3rd period - Vincent Trocheck wins face-off versus Jonathan Toews in neutral zone.
3:56 of 3rd period - Wrist shot by Vincent Trocheck.
3:56 of 3rd period - Shot Blocked by Colton Parayko.
3:58 of 3rd period - Slapshot by TJ Brodie.
3:58 of 3rd period - Deflect By Vincent Trocheck.
3:58 of 3rd period - Shot Misses the Net.
3:58 of 3rd period - Puck is out of play.
3:59 of 3rd period - Mike Fisher wins face-off versus Evgeni Malkin in Golden Seals zone.
4:14 of 3rd period - Patrick Kane is hit by Colton Parayko and loses puck.
4:25 of 3rd period - Cody Ceci is hit by P.K. Subban and loses puck.
4:30 of 3rd period - Snap shot by Leon Draisaitl.
4:30 of 3rd period - Shot Misses the Net.
4:32 of 3rd period - Slapshot by Brandon Carlo.
4:32 of 3rd period - Stopped by Sergei Bobrovsky without a rebound.
4:33 of 3rd period - Vincent Trocheck wins face-off versus Jonathan Toews in Golden Seals zone.
4:34 of 3rd period - Snap shot by Leon Draisaitl.
4:34 of 3rd period - Stopped by Sergei Bobrovsky without a rebound.
4:35 of 3rd period - Vincent Trocheck wins face-off versus Jonathan Toews in Golden Seals zone.
4:40 of 3rd period - Wrist shot by Filip Forsberg.
4:40 of 3rd period - Shot Misses the Net.
4:42 of 3rd period - Slapshot by Vincent Trocheck.
4:42 of 3rd period - Shot Blocked by Jaden Schwartz.
4:44 of 3rd period - Snap shot by Leon Draisaitl.
4:44 of 3rd period - Stopped by Sergei Bobrovsky with a rebound.
4:46 of 3rd period - Wrist shot by Leon Draisaitl.
4:46 of 3rd period - Shot Misses the Net.
4:48 of 3rd period - Slapshot by Brandon Carlo.
4:48 of 3rd period - Goal by Brandon Carlo - Golden Seals : 2 - Flyers : 2.
4:49 of 3rd period - Casey Cizikas wins face-off versus Jonathan Toews in neutral zone.
4:52 of 3rd period - Colton Parayko is hit by Darnell Nurse and loses puck.
5:00 of 3rd period - Off-side.
5:01 of 3rd period - Jonathan Toews wins face-off versus Vincent Trocheck in neutral zone.
5:04 of 3rd period - TJ Brodie is hit by Colton Parayko and loses puck.
6:03 of 3rd period - Snap shot by Marko Dano.
6:03 of 3rd period - Shot Misses the Net.
6:05 of 3rd period - Slapshot by Olli Maatta.
6:05 of 3rd period - Stopped by Matt Murray with a rebound.
6:35 of 3rd period - Slapshot by Keith Yandle.
6:35 of 3rd period - Shot Blocked by Michael Matheson.
6:47 of 3rd period - Wrist shot by Jonathan Toews.
6:47 of 3rd period - Shot Misses the Net.
7:26 of 3rd period - Off-side.
7:27 of 3rd period - Joe Pavelski wins face-off versus Vincent Trocheck in neutral zone.
10:02 of 3rd period - Backhand shot by Patrick Kane.
10:02 of 3rd period - Shot Blocked by Keith Yandle.
10:04 of 3rd period - Slapshot by Michael Matheson.
10:04 of 3rd period - Shot Blocked by Olli Maatta.
10:06 of 3rd period - Slapshot by Michael Matheson.
10:06 of 3rd period - Deflect By Patrick Kane.
10:06 of 3rd period - Stopped by Sergei Bobrovsky with a rebound.
10:08 of 3rd period - Snap shot by Evgeni Malkin.
10:08 of 3rd period - Shot Blocked by Miles Wood.
10:10 of 3rd period - Slapshot by Michael Matheson.
10:10 of 3rd period - Deflect By Patrick Kane.
10:10 of 3rd period - Shot Misses the Net.
10:10 of 3rd period - Puck is out of play.
10:11 of 3rd period - Casey Cizikas wins face-off versus Jonathan Toews in Golden Seals zone.
10:22 of 3rd period - Wrist shot by Charlie Coyle.
10:22 of 3rd period - Deflect By Calle Jarnkrok.
10:22 of 3rd period - Stopped by Sergei Bobrovsky with a rebound.
10:28 of 3rd period - Justin Faulk is hit by Jaden Schwartz and loses puck.
11:16 of 3rd period - Off-side.
11:17 of 3rd period - Barclay Goodrow wins face-off versus Vincent Trocheck in neutral zone.
11:43 of 3rd period - TJ Brodie is hit by Joe Pavelski and loses puck.
12:28 of 3rd period - Slapshot by Keith Yandle.
12:28 of 3rd period - Stopped by Matt Murray with a rebound.
12:48 of 3rd period - Robby Fabbri is hit by Vincent Trocheck and loses puck.
13:07 of 3rd period - Jaden Schwartz is hit by Evgeni Malkin and loses puck.
13:33 of 3rd period - Brandon Carlo is hit by Mike Fisher and loses puck.
13:48 of 3rd period - Casey Cizikas is hit by Miles Wood and loses puck.
13:57 of 3rd period - Wrist shot by Marko Dano.
13:57 of 3rd period - Shot Misses the Net.
14:09 of 3rd period - Snap shot by Leon Draisaitl.
14:09 of 3rd period - Stopped by Sergei Bobrovsky with a rebound.
14:11 of 3rd period - Slapshot by Justin Faulk.
14:11 of 3rd period - Stopped by Sergei Bobrovsky without a rebound.
14:12 of 3rd period - Jonathan Toews wins face-off versus Vincent Trocheck in Golden Seals zone.
14:19 of 3rd period - Wrist shot by Jonathan Toews.
14:19 of 3rd period - Shot Misses the Net.
14:21 of 3rd period - Wrist shot by Jonathan Toews.
14:21 of 3rd period - Shot Misses the Net.
14:23 of 3rd period - Wrist shot by Jaden Schwartz.
14:23 of 3rd period - Stopped by Matt Murray without a rebound.
14:24 of 3rd period - Jonathan Toews wins face-off versus Evgeni Malkin in Flyers zone.
14:29 of 3rd period - Snap shot by Joe Pavelski.
14:29 of 3rd period - Stopped by Matt Murray without a rebound.
14:30 of 3rd period - Jonathan Toews wins face-off versus Evgeni Malkin in Flyers zone.
14:37 of 3rd period - Snap shot by Patrick Kane.
14:37 of 3rd period - Shot Misses the Net.
14:39 of 3rd period - Wrist shot by Evgeni Malkin.
14:39 of 3rd period - Goal by Evgeni Malkin - Golden Seals : 2 - Flyers : 3.
14:40 of 3rd period - Jonathan Toews wins face-off versus Filip Forsberg in neutral zone.
14:43 of 3rd period - P.K. Subban is hit by Cody Ceci.
15:38 of 3rd period - Slapshot by Patrick Kane.
15:38 of 3rd period - Shot Blocked by Max Domi.
15:58 of 3rd period - Slapshot by Joe Pavelski.
15:58 of 3rd period - Stopped by Matt Murray with a rebound.
16:00 of 3rd period - Slapshot by Joe Pavelski.
16:00 of 3rd period - Shot Misses the Net.
16:23 of 3rd period - Backhand shot by Robby Fabbri.
16:23 of 3rd period - Deflect By Leon Draisaitl.
16:23 of 3rd period - Shot Misses the Net.
16:23 of 3rd period - Puck is out of play.
16:24 of 3rd period - Casey Cizikas wins face-off versus Robby Fabbri in Flyers zone.
17:01 of 3rd period - Jonathan Toews is hit by Michael Matheson and loses puck.
17:37 of 3rd period - Snap shot by Mike Fisher.
17:37 of 3rd period - Stopped by Matt Murray with a rebound.
17:39 of 3rd period - Slapshot by Cody Ceci.
17:39 of 3rd period - Stopped by Matt Murray without a rebound.
17:40 of 3rd period - Vincent Trocheck wins face-off versus Mark Letestu in Flyers zone.
17:44 of 3rd period - Off-side.
17:45 of 3rd period - Vincent Trocheck wins face-off versus Mark Letestu in neutral zone.
17:50 of 3rd period - Wrist shot by Vincent Trocheck.
17:50 of 3rd period - Stopped by Sergei Bobrovsky with a rebound.
17:52 of 3rd period - Slapshot by Filip Forsberg.
17:52 of 3rd period - Deflect By Vincent Trocheck.
17:52 of 3rd period - Stopped by Sergei Bobrovsky with a rebound.
17:54 of 3rd period - Snap shot by Vincent Trocheck.
17:54 of 3rd period - Shot Misses the Net.
17:56 of 3rd period - Slapshot by P.K. Subban.
17:56 of 3rd period - Shot Misses the Net.
17:58 of 3rd period - Wrist shot by TJ Brodie.
17:58 of 3rd period - Shot Blocked by Olli Maatta.
18:00 of 3rd period - Slapshot by Leon Draisaitl.
18:00 of 3rd period - Stopped by Sergei Bobrovsky with a rebound.
18:08 of 3rd period - Snap shot by Vincent Trocheck.
18:08 of 3rd period - Stopped by Sergei Bobrovsky without a rebound.
18:09 of 3rd period - Jonathan Toews wins face-off versus Casey Cizikas in Golden Seals zone.
18:16 of 3rd period - Golden Seals, Sergei Bobrovsky is pulled from the net.
18:26 of 3rd period - Icing by Jonathan Toews.
18:27 of 3rd period - Sergei Bobrovsky from Golden Seals was sent back in the game.
18:27 of 3rd period - Leon Draisaitl wins face-off versus Jonathan Toews in Golden Seals zone.
18:36 of 3rd period - Backhand shot by Filip Forsberg.
18:36 of 3rd period - Stopped by Sergei Bobrovsky without a rebound.
18:37 of 3rd period - Mark Letestu wins face-off versus Vincent Trocheck in Golden Seals zone.
18:37 of 3rd period - Mark Letestu is hit by Filip Forsberg.
18:59 of 3rd period - Wrist shot by Leon Draisaitl.
18:59 of 3rd period - Shot Blocked by Jonathan Toews.
19:01 of 3rd period - Slapshot by TJ Brodie.
19:01 of 3rd period - Deflect By Joe Pavelski.
19:01 of 3rd period - Stopped by Sergei Bobrovsky without a rebound.
19:02 of 3rd period - Mike Babcock call a timeout for Golden Seals.
19:02 of 3rd period - Jonathan Toews wins face-off versus Filip Forsberg in Golden Seals zone.
19:09 of 3rd period - Slapshot by Vincent Trocheck.
19:09 of 3rd period - Deflect By Filip Forsberg.
19:09 of 3rd period - Shot Misses the Net.
19:09 of 3rd period - Puck is out of play.
19:10 of 3rd period - Elias Lindholm wins face-off versus Jonathan Toews in Golden Seals zone.
19:19 of 3rd period - Snap shot by Filip Forsberg.
19:19 of 3rd period - Shot Misses the Net.
19:21 of 3rd period - Slapshot by P.K. Subban.
19:21 of 3rd period - Shot Blocked by Keith Yandle.
19:25 of 3rd period - Wrist shot by P.K. Subban.
19:25 of 3rd period - Deflect By Elias Lindholm.
19:25 of 3rd period - Stopped by Sergei Bobrovsky with a rebound.
19:27 of 3rd period - Slapshot by Filip Forsberg.
19:27 of 3rd period - Stopped by Sergei Bobrovsky with a rebound.
19:29 of 3rd period - Slapshot by Vincent Trocheck.
19:29 of 3rd period - Shot Blocked by Colton Parayko.
19:31 of 3rd period - Snap shot by Filip Forsberg.
19:31 of 3rd period - Shot Blocked by Keith Yandle.
19:33 of 3rd period - Snap shot by P.K. Subban.
19:33 of 3rd period - Shot Misses the Net.
Goals for this period are 1 for Golden Seals vs 2 for Flyers.
Shots for this period are 9 for Golden Seals vs 18 for Flyers.